AoeStats
← ThunderboltX

Arabia

509617024Analyzed
1v1 RM · 5d ago on Sep 27, 2026· 50m 44s· 2 players
Game mode
Random Map
Map size
Tiny (2 player)
Population
200
Speed
Normal
Resources
Standard
Victory
Conquest
Starting age
Dark Age
Ending age
Imperial Age
RankedLock teamsTeams togetherTeam positionsShared explorationLock speedFull tech treeHidden civsTurbo modeCheats
Victory
Defeat
🇹🇼 Chinese · Taiwan
2239
+24
🇧🇬 Saxons · Bulgaria
2426
-24
老天鵝
0:26 Loom
8:30 Feudal Age
9:01 Double-Bit Axe
18:23 Castle Age
16:37 Fletching
16:48 Gold Mining
19:00 Bodkin Arrow
18:25 Crossbowman
22:27 Ballistics
25:39 Wheelbarrow
31:25 Imperial Age
32:10 Bracer
33:40 Padded Archer Armor
34:28 Horse Collar
35:00 Bow Saw
34:51 Elite Skirmisher
38:39 Masonry
39:49 Leather Archer Armor
40:40 Thumb Ring
41:43 Ring Archer Armor
43:02 Chemistry
44:24 Scale Mail Armor
44:34 Forging
44:54 Squires
44:39 Arson
45:51 Conscription
46:02 Elite Fire Lancer
46:59 Chain Mail Armor
48:41 Plate Mail Armor
49:24 Hand Cart
50:12 Two-Man Saw
51:55 Iron Casting
ThunderboltX
5:49 Loom
8:24 Feudal Age
6:42 Loom
8:53 Double-Bit Axe
9:25 Horse Collar
19:41 Castle Age
18:13 Fletching
18:23 Padded Archer Armor
18:16 Gold Mining
19:08 Padded Archer Armor
19:42 Crossbowman
20:18 Bodkin Arrow
22:02 Town Watch
22:53 Wheelbarrow
24:58 Leather Archer Armor
24:19 Elite Skirmisher
29:32 Ballistics
34:45 Imperial Age
33:27 Guard Tower
33:55 Scale Mail Armor
35:27 Bracer
36:31 Chemistry
36:34 Masonry
37:35 Ring Archer Armor
38:47 Conscription
44:18 Gold Shaft Mining
43:33 Stone Mining
43:54 Bow Saw
43:48 Heavy Plow
43:17 Cranequins
46:45 Conscription
Connection lost

Rejoining the realm…

Still unreachable

The connection could not be restored.

Session expired

The server has moved on; the page needs a fresh start.